 Dungeon Crawl Stone Soup version 0.24.0-13-gcf9b319 (webtiles) character file.

Game seed: 16844514256058154066, levelgen mode: deterministic

193 Fortress the Conjurer (level 5, 0/39 HPs)
             Began as a Draconian Conjurer on Jan 7, 2020.
             Slain by Pikel
             ... wielding a +2 whip of flaming
              (1 damage)
             ... on level 4 of the Dungeon.
             The game lasted 00:09:53 (3178 turns).

Fortress the Conjurer (Draconian Conjurer)          Turns: 3178, Time: 00:09:54

Health: 0/39       AC:  7    Str: 10    XL:     5   Next: 43%
Magic:  2/9        EV: 12    Int: 17    God:
Gold:   246        SH:  0    Dex: 11    Spells: 9/10 levels left

rFire    + . .     SeeInvis .   h - +1 short sword (drain)
rCold    + . .     Gourm    .   (no shield)
rNeg     . . .     Faith    .   (armour unavailable)
rPois    .         Spirit   .   (helmet restricted)
rElec    .         Reflect  .   (no cloak)
rCorr    .         Harm     .   p - +0 pair of gloves
MR       .....                  e - +0 pair of boots
Stlth    ++........             (no amulet)
HPRegen  0.13/turn              d - ring of protection from fire
MPRegen  0.11/turn              q - ring of protection from cold

@: no status effects
A: unfitting armour, cold-blooded, AC +5
a: no special abilities


You were on level 4 of the Dungeon.
You were not hungry.

You visited 1 branch of the dungeon, and saw 4 of its levels.

You collected 246 gold pieces.

Inventory:

Hand Weapons
 h - a +1 short sword of draining (weapon)
Missiles
 m - 6 atropa-tipped darts (quivered)
Armour
 e - a +0 pair of boots (worn)
 p - a +0 pair of gloves (worn)
Jewellery
 d - a ring of protection from fire (left hand)
 q - a ring of protection from cold (right hand)
Scrolls
 a - 2 scrolls of identify
 c - a scroll of enchant weapon {unknown}
 i - 2 scrolls of teleportation
 j - 4 scrolls of remove curse
 l - 4 scrolls of magic mapping {unknown}
 n - a scroll of blinking {unknown}
 r - a scroll of immolation {unknown}
Potions
 f - 3 potions of curing
 g - 2 potions of invisibility
 k - a potion of haste {unknown}
 o - a potion of might {unknown}
 s - a potion of ambrosia {unknown}
Comestibles
 b - 6 rations


   Skills:
 * Level 0.4 Fighting
 - Level 2.0 Dodging
 - Level 2.0 Stealth
 - Level 3.0 Spellcasting
 + Level 6.0 Conjurations


You had 9 spell levels left.
You knew the following spells:

 Your Spells              Type           Power        Failure   Level  Hunger
a - Magic Dart            Conj           ###.         1%          1    None

Your spell library contained the following spells:

 Spells                   Type           Power        Failure   Level  Hunger
 Searing Ray              Conj           ###...       2%          2    ##.....
 Iskenderun's Mystic Bla  Conj           ###.....     14%         4    ####...
 Dazzling Spray           Conj/Hex       ##....       16%         3    ###....
 Force Lance              Conj/Tloc      ##......     45%         4    ####...
 Fulminant Prism          Conj/Hex       ##........   45%         4    ####...


Dungeon Overview and Level Annotations

Branches:
Dungeon (4/15)
 Temple: D:4-7

Altars:

Annotations:
D:4 Pikel


Innate Abilities, Weirdness & Mutations

Your plain brown scales are hard. (AC +5)
You cannot fit into any form of body armour.
You are cold-blooded and may be slowed by cold attacks.


Message History

Pikel is lightly wounded.
The slave misses you. The slave misses you.
Pikel says, "I knew I should've brought a map."
A slave comes into view.
Casting: Magic Dart (safe; 1% risk of failure)
Confirm with . or Enter, or press ? or * to list all spells.
Aiming: Magic Dart (safe; 1% risk of failure)
Press: ? - help, Shift-Dir - straight line, f/p - Pikel
Aim: Pikel, wielding a +2 whip of flaming and wearing a +0 robe (lightly wounded)
The magic dart hits Pikel but does no damage.
Pikel is lightly wounded.
Pikel hits you with a +2 whip of flaming!
* * * LOW HITPOINT WARNING * * *
You closely miss Pikel. You tail-slap Pikel, but do no damage.
Pikel is lightly wounded.
Pikel hits you with a +2 whip of flaming!
* * * LOW HITPOINT WARNING * * *
Pikel burns you.
You die...

##############
#.............
#..(.......... ###
#............. ..#
#............. #.##.#
#............. #.##.#
#............. #.##@#
#............. #.##K#
#.............
######.##p###.............
#..........##.............
#.........................
#...............p.........
######.##.................
#...#............>....
######...#.###.............


You could see Pikel and a slave.

Vanquished Creatures
  A bullfrog skeleton (D:4)
  3 worker ants (D:4)
  5 adders
  An ooze (D:2)
  A dart slug (D:2)
  2 leopard geckos
  An orc (D:3)
  5 giant cockroaches
  8 goblins
  A hobgoblin (D:2)
  A quokka (D:2)
  5 bats
  A frilled lizard (D:2)
  2 kobolds (D:1)
  6 rats
43 creatures vanquished.

Notes
Turn   | Place    | Note
-------+----------+-------------------------------------------
     0 | D:1      | Fortress the Draconian Conjurer began the quest for the
                  | Orb.
     0 | D:1      | Reached XP level 1. HP: 14/14 MP: 3/3
   128 | D:1      | Reached XP level 2. HP: 20/20 MP: 1/5
   757 | D:2      | Reached XP level 3. HP: 22/26 MP: 0/6
  1203 | D:2      | Reached skill level 5 in Conjurations
  1608 | D:3      | Reached XP level 4. HP: 30/33 MP: 7/7
  2547 | D:4      | Reached XP level 5. HP: 38/38 MP: 4/9
  2859 | D:4      | Reached skill level 6 in Conjurations
  2966 | D:4      | Noticed a slave
  2966 | D:4      | Noticed a slave
  3135 | D:4      | Noticed Pikel
  3172 | D:4      | Noticed a slave
  3178 | D:4      | HP: 1/39 [Pikel/+2 whip of flaming (7)]
  3178 | D:4      | Slain by Pikel

Levels and vault maps discovered:
D:1:      lightli_arrival_farm, layout_basic, corexii_leaking_fountain
D:2:      layout_loops_ring
D:3:      layout_loops_ring, first_ration
D:4:      layout_basic, grunt_gozag_breadcrumbs, uniq_pikel

Skill      XL: |  1  2  3  4  5 |
---------------+----------------+-----
Dodging        | 2 |  2.0
Conjurations   | 5 6 |  6.0
Stealth        | 2 |  2.0
Spellcasting   | 3 |  3.0
Fighting       | |  0.4

Action                   |  1- 3 |  4- 6 || total
-------------------------+-------+-------++-------
Melee: Dagger            |     7 |       ||     7
       Unarmed           |     5 |       ||     5
       Tailslap          |     2 |     6 ||     8
       Short sword       |    25 |    42 ||    67
 Cast: Magic Dart        |    49 |    27 ||    76
  Use: Scroll            |       |     5 ||     5
 Stab: Sleeping          |     1 |     1 ||     2
  Eat: Chunk             |     2 |     2 ||     4
       Ration            |       |     1 ||     1
Armor: Skin              |    16 |    14 ||    30
Dodge: Dodged            |    30 |    33 ||    63
